AoeStats
← Kez

Nomad

508276089Analyzed
3v3 RM · 11d ago on Sep 21, 2026· 42m 48s· 6 players
Game mode
Random Map
Map size
210×210
Population
200
Speed
Normal
Resources
Standard
Victory
Conquest
Starting age
Dark Age
Ending age
Imperial Age
RankedLock teamsTeams togetherTeam positionsShared explorationLock speedFull tech treeHidden civsTurbo modeCheats
Victory
Defeat
🇩🇪 Italians · Germany
1342
+14
🇨🇭 Celts · Switzerland
1311
+16
🇩🇪 Persians · Germany
1237
+19
🇳🇱 Teutons · Netherlands
1338
-18
🇺🇸 Maya · United States
1289
-16
🇨🇭 Persians · Switzerland
1277
-15
ink55
5:25 Loom
13:21 Feudal Age
18:23 Castle Age
17:55 Bloodlines
17:59 Forging
17:52 Fishing Lines
18:36 Fletching
19:38 Gold Mining
22:03 Stone Mining
23:30 Scale Barding Armor
23:25 Double-Bit Axe
24:13 Horse Collar
25:21 Heavy Plow
26:25 Wheelbarrow
31:41 Chain Barding Armor
33:45 Ballistics
33:46 Bodkin Arrow
38:02 Imperial Age
36:59 Iron Casting
37:04 Husbandry
37:41 Kamandaran
38:06 Bow Saw
39:40 Blast Furnace
39:17 Conscription
39:01 Cavalier
40:10 Crossbowman
41:38 Padded Archer Armor
41:43 Squires
42:48 Chemistry
dl_cucga
5:55 Loom
13:14 Feudal Age
19:00 Castle Age
17:50 Double-Bit Axe
19:27 Fletching
27:26 Bodkin Arrow
30:21 Ballistics
36:12 Imperial Age
39:05 Bracer
40:05 Padded Archer Armor
41:46 Leather Archer Armor
41:41 Forging
43:04 Chemistry
Kez
4:36 Loom
13:53 Feudal Age
17:36 Castle Age
16:03 Double-Bit Axe
21:34 Bloodlines
25:15 Horse Collar
30:09 Wheelbarrow
29:50 Heavy Plow
35:08 Imperial Age
34:45 Scale Barding Armor
34:51 Forging
35:12 Hand Cart
34:43 Town Watch
35:29 Gold Mining
36:07 Cavalier
37:37 Crop Rotation
37:48 Conscription
38:05 Bow Saw
38:15 Stone Mining
41:04 Chain Barding Armor
41:47 Paladin
rhino
3:27 Loom
15:05 Feudal Age
15:53 Double-Bit Axe
16:23 Fletching
21:46 Castle Age
23:05 Medium Warships
22:53 Bodkin Arrow
23:28 Bow Saw
24:32 Stone Mining
25:11 Horse Collar
27:05 Pikeman
29:20 Heavy Plow
30:57 Wheelbarrow
32:03 Stone Shaft Mining
32:02 Town Watch
35:50 Imperial Age
34:38 Hand Cart
34:35 Scale Mail Armor
34:22 Gambesons
34:23 Arson
34:50 Forging
34:45 Gold Mining
35:16 Stronghold
35:11 Treadmill Crane
35:55 Town Patrol
36:17 Chain Mail Armor
35:41 Man-at-Arms
36:57 Conscription
36:06 Halberdier
36:36 Long Swordsman
37:36 Masonry
38:15 Iron Casting
38:12 Plate Mail Armor
38:19 Hoardings
37:30 Capped Ram
37:58 Two-Handed Swordsman
40:31 Blast Furnace
39:02 Siege Ram
39:36 Champion
41:06 Onager
42:05 Padded Archer Armor
42:10 Scale Barding Armor
Birkules
4:12 Loom
12:12 Feudal Age
18:15 Castle Age
17:27 Gold Mining
18:55 Medium Warships
21:52 Fletching
24:36 Horse Collar
25:37 Double-Bit Axe
26:51 Bloodlines
29:32 Husbandry
30:55 Stone Mining
31:17 Bow Saw
31:35 Fishing Lines
32:44 Heavy Plow
36:09 Imperial Age
34:33 Wheelbarrow
34:48 Forging
34:44 Scale Barding Armor
36:50 Gold Shaft Mining
35:48 Cavalier
38:52 Chemistry
38:13 Ballistics
38:04 Masonry
39:19 Hand Cart
39:09 Heavy Camel Rider
41:03 Iron Casting
41:12 Stone Shaft Mining
40:55 Citadels
41:50 Chain Barding Armor
43:02 Heated Shot
43:43 Architecture
Fabulous_Fabian
5:02 Loom
13:33 Feudal Age
14:13 Double-Bit Axe
19:28 Castle Age
17:56 Stone Mining
18:42 Fishing Lines
20:31 Bow Saw
20:40 Medium Warships
20:21 Gillnets
21:33 Stone Shaft Mining
20:57 Fletching
21:44 Bodkin Arrow
26:19 Wheelbarrow
27:56 Horse Collar
29:39 Padded Archer Armor
30:22 Hand Cart
35:20 Leather Archer Armor
35:32 Thumb Ring
35:33 Gold Mining
38:56 Imperial Age
37:53 Ballistics
39:02 Capped Ram
41:00 Chemistry
39:48 Town Watch
41:15 Bracer
40:46 Elite Genoese Crossbowman
41:47 Conscription
41:49 Town Watch
41:33 Crossbowman
Connection lost

Rejoining the realm…

Still unreachable

The connection could not be restored.

Session expired

The server has moved on; the page needs a fresh start.